 Dungeon Crawl Stone Soup version 0.28-a0-998-gb9e9c7b67e (webtiles) character file.

Game seed: 17365281845664536073

23373 Lavandula the Quickloader (level 13, 92/115 HPs)
             Began as a Naga Arcane Marksman on Dec 6, 2021.
             Was an Elder of Fedhas.
             Quit the game on level 13 of the Dungeon.
             The game lasted 00:41:15 (12348 turns).

Lavandula the Quickloader (Naga Arcane Marksman)   Turns: 12348, Time: 00:41:16

Health: 92/115     AC: 22    Str: 16    XL:     13   Next: 6%
Magic:  19/19      EV:  9    Int: 11    God:    Fedhas [****..]
Gold:   839        SH:  0    Dex: 13    Spells: 11/20 levels left

rFire   . . .      SeeInvis +   O - +4 trident of Victory {holy, rC- rN+++ Str+2 Int-5}
rCold   . . .      Faith    .   (no shield)
rNeg    + + +      Spirit   .   n - +2 robe {Archmagi}
rPois   +          Reflect  .   l - +0 helmet
rElec   .          Harm     .   I - +0 cloak
rCorr   +          Rampage  .   g - +0 pair of gloves
Will    +....      Archmagi +   e - +4 barding
Stlth   +.........              w - amulet of regeneration
HPRegen 1.09/turn               F - ring of protection from cold
MPRegen 0.16/turn               G - ring of resist corrosion

@: very slow
A: AC +4, large, see invisible, deformed body, poison resistance, slowness 2,
spit poison 1, naga tail 2
a: Spit Poison, Renounce Religion, Wall of Briars, Grow Ballistomycete, Overgrow


You were on level 13 of the Dungeon.
You worshipped Fedhas.
Fedhas was greatly pleased with you.
You visited 2 branches of the dungeon, and saw 14 of its levels.
You also visited: Ice Cave.

You collected 1202 gold pieces.
You spent 363 gold pieces at shops.

Inventory:

Hand Weapons
 a - a +1 vorpal hand crossbow
 B - the +5 spear of Theory {vorpal, *Rage *Noise rC+ Int+8}
   (You found it on level 4 of the Dungeon)

   It inflicts extra damage upon your enemies.
   Int:       It affects your intelligence (+8).
   rC:        It protects you from cold.
   *Noise:    It may make noises in combat.
   *Rage:     It berserks you when you make melee attacks (+20% chance).
 M - a +0 vorpal arbalest
 O - the +4 trident of Victory (weapon) {holy, rC- rN+++ Str+2 Int-5}
   (You found it on level 12 of the Dungeon)

   It has been blessed by the Shining One to cause great damage to the undead
   and demons.
   Str:       It affects your strength (+2).
   Int:       It affects your intelligence (-5).
   rC:        It makes you vulnerable to cold.
   rN:        It renders you almost immune to negative energy.
Missiles
 c - 30 bolts
Armour
 e - a +4 barding (worn)
 f - a +0 troll leather armour
 g - a +0 pair of gloves (worn)
 l - a +0 helmet (worn)
 n - a +2 robe of the Archmagi (worn)
 I - a +0 cloak (worn)
Magical Staves
 A - a staff of earth
Jewellery
 v - an amulet of the acrobat
 w - an amulet of regeneration (around neck)
 E - the amulet "Iptol" {Reflect rPois Str+4 SH+5}
   (You found it in an ice cave)

   [amulet of reflection]

   It reflects blocked missile attacks.
   Str:       It affects your strength (+4).
   rPois:     It protects you from poison.
   SH:        It affects your SH (+5).
 F - a ring of protection from cold (left hand)
 G - a ring of resist corrosion (right hand)
Wands
 b - a wand of iceblast (14)
 o - a wand of flame (32)
 z - a wand of charming (4)
 D - a wand of mindburst (4)
 P - a wand of polymorph (5)
 Q - a wand of acid (1)
Scrolls
 d - a scroll of blinking
 i - 3 scrolls of fog
 j - 2 scrolls of torment
 r - 2 scrolls of amnesia
 u - 2 scrolls of acquirement {unknown}
 y - 3 scrolls of teleportation
 C - a scroll of silence {unknown}
 N - a scroll of enchant weapon
Potions
 h - 2 potions of flight {unknown}
 k - 2 potions of invisibility {unknown}
 m - 7 potions of curing
 p - a potion of attraction {unknown}
 q - 3 potions of brilliance {unknown}
 s - 2 potions of heal wounds {unknown}
 t - a potion of berserk rage {unknown}
 x - a potion of mutation {unknown}
 J - 3 potions of haste
 K - 2 potions of lignification {unknown}
 L - a potion of might {unknown}
Miscellaneous
 H - a phial of floods


   Skills:
 - Level 7.0 Fighting
 - Level 8.6 Polearms
 - Level 10.2 Crossbows
 + Level 9.0 Armour
 - Level 3.7 Dodging
 - Level 4.0 Spellcasting
 - Level 3.0 Hexes
 - Level 3.0 Translocations
 - Level 6.5 Ice Magic
 - Level 5.5 Invocations


You had 11 spell levels left.
You knew the following spells:

 Your Spells              Type           Power      Damage    Failure   Level
a - Slow                  Hex            52%        N/A       7%          1
b - Inner Flame           Hex/Fire       8%         N/A       36%         3
c - Frozen Ramparts       Ice            48%        1d6       4%          3
d - Blink                 Tloc           26%        N/A       11%         2

Your spell library contained the following spells:

 Spells                   Type           Power      Damage    Failure   Level
 Freeze                   Ice            96%        1d11      1%          1
 Ensorcelled Hibernation  Hex/Ice        38%        N/A       4%          2
 Lesser Beckoning         Tloc           13%        N/A       21%         3
 Portal Projectile        Hex/Tloc       26%        N/A       21%         3
 Tukima's Dance           Hex            13%        N/A       21%         3
 Shock                    Conj/Air       12%        1d3       24%         1
 Hailstorm                Conj/Ice       14%        3d5       52%         4
 Call Canine Familiar     Summ           3%         N/A       56%         3
 Swiftness                Air            3%         N/A       56%         3
 Cause Fear               Hex            6%         N/A       56%         4
 Leda's Liquefaction      Hex/Erth       4%         N/A       77%         4
 Manifold Assault         Tloc           13%        N/A       88%         5
 Airstrike                Air            1%         N/A       93%         4
 Lee's Rapid Deconstruct  Erth           1%         3d5*      100%        5
 Statue Form              Tmut/Erth      2%         N/A       100%        6
 Storm Form               Tmut/Air       1%         N/A       100%        7


Dungeon Overview and Level Annotations

Branches:
Dungeon (13/15)            Temple (1/1) D:5            Lair (0/6) D:8
    Orc (0/2) D:12          IceCv (visited)
 Vaults: D:13-14

Altars:
Dithmenos
Elyvilon
Fedhas
Zin

Shops:
D:4 (   D:10 [   D:11 *

Portals:
Trove: D:12 (give 14 scrolls of teleportation)

Annotations:
D:2 1 runed translucent door, Crazy Yiuf
D:7 Harold
D:9 2 transporters, MatrixGlitch's ghost, journeyman DECj
D:12 exclusion: hydra


Innate Abilities, Weirdness & Mutations

Your serpentine skin is tough. (AC +4)
You have supernaturally acute eyesight. (SInv)
Armour fits poorly on your strangely shaped body.
Your system is resistant to poisons. (rPois)
You cover ground very slowly.
You can spit poison.
You can use your snake-like lower body to constrict enemies.


Message History

The walls around you are covered in ice.
The wall freezes the manticore.
The manticore bites you! The manticore claws you. x2
You completely miss the manticore. Your grab misses the manticore.
The manticore is lightly wounded.
The wall freezes the manticore.
The manticore bites you but does no damage.
The manticore claws you!
The manticore claws you but does no damage.
You puncture the manticore! Your grab misses the manticore.
The manticore is moderately wounded.
The wall freezes the manticore.
The manticore bites you!
The manticore claws you but does no damage.
The manticore closely misses you.
You hit the manticore. Your grab misses the manticore.
The manticore is heavily wounded.
The wall freezes the manticore.
The manticore closely misses you.
The manticore claws you but does no damage. x2
You puncture the manticore! Your grab misses the manticore.
The manticore is severely wounded.
The wall freezes the manticore.
The manticore bites you. The manticore barely misses you. x2
You hit the manticore. You grab the manticore.
The manticore is almost dead.
You constrict the manticore.
The wall freezes the manticore.
The manticore bites you. The manticore barely misses you.
The manticore claws you.
You puncture the manticore!
You kill the manticore!
Fedhas appreciates your contribution to the ecosystem.
Your Armour skill increases to level 9!
You start resting.
The frozen ramparts melt away.
You start resting.
Magic restored.
This spell is dangerous to cast!
Memorise Cause Fear, consuming 4 spell levels and leaving 7?
Okay, then.
Unknown command.
Are you sure you want to abandon this character and quit the game? (Confirm with "yes".)

..........#
..........#
..........#
#########.# #.#
#.# #.#
#############.#
......†@......#
#############.#
#.# #.# #.# #.#
#.# #.#


There were no monsters in sight!

Vanquished Creatures
  A white draconian (IceCv)
  Josephine (D:11)
  4 hydras
  Erolcha (D:11)
  5 two-headed ogres
  A tengu warrior (D:13)
  A deep elf pyromancer (D:12)
  An ugly thing (D:11)
  A manticore (D:13)
  2 ice statues (IceCv)
  Psyche (D:11)
  3 rime drakes (IceCv)
  An unseen horror (D:12)
  3 komodo dragons
  A tengu conjurer (D:13)
  4 trolls
  A hornet (D:11)
  3 slime creatures (D:12)
  Sigmund (D:2)
  5 wraiths
  2 vampires (D:11)
  4 yaks (D:9)
  A wyvern (D:11)
  A steam dragon (D:9)
  Grum (D:10)
  5 vampire mosquitoes
  2 acid dragons
  3 water moccasins
  2 sky beasts
  3 orc warriors
  2 ice beasts
  A hornet zombie (D:4)
  2 ogres (D:7)
  3 wolves (D:10)
  7 centaurs
  A phantom (D:5)
  Blork the orc (D:5)
  2 bullfrogs (D:9)
  2 kobold brigands (D:5)
  2 gnoll sergeants
  A killer bee (D:11)
  3 lindwurm simulacra (IceCv)
  16 wights
  5 howler monkeys
  6 komodo dragon simulacra (IceCv)
  7 centaur zombies
  2 hounds
  5 orc priests
  2 jellies
  Jessica (D:2)
  Ijyb (D:5)
  5 iguanas
  12 orc wizards
  A hound skeleton (D:4)
  A howler monkey zombie (D:8)
  Robin (D:2)
  A howler monkey skeleton (D:6)
  12 gnolls
  4 acid dragon simulacra (IceCv)
  4 adders
  4 white imps
  An ufetubus (D:6)
  6 steam dragon simulacra (IceCv)
  A worm (D:4)
  37 orcs
  3 ball pythons (D:1)
  5 endoplasms
  2 giant cockroaches
  14 goblins
  5 hobgoblins
  14 kobolds
  A quokka (D:1)
  5 bats
  7 frilled lizards
  6 rats
289 creatures vanquished.

Vanquished Creatures (collateral kills)
  A rime drake (IceCv)
  A vampire mosquito (D:10)
  2 komodo dragon simulacra (IceCv)
4 creatures vanquished.

Vanquished Creatures (others)
  2 fungi
  9 plants (D:9)
11 creatures vanquished.

Grand Total: 304 creatures vanquished

Notes
Turn   | Place    | Note
-------+----------+-------------------------------------------
     0 | D:1      | Lavandula the Naga Arcane Marksman began the quest for the
                  | Orb.
     0 | D:1      | Reached XP level 1. HP: 18/18 MP: 2/2
   109 | D:1      | Reached skill level 2 in Crossbows
   309 | D:1      | Reached XP level 2. HP: 25/25 MP: 3/3
   662 | D:1      | Reached skill level 3 in Crossbows
  1180 | D:2      | Noticed Jessica
  1182 | D:2      | Reached XP level 3. HP: 31/31 MP: 4/4
  1185 | D:2      | Noticed Robin
  1258 | D:2      | Killed Robin
  1328 | D:2      | Killed Jessica
  1329 | D:2      | Reached skill level 4 in Crossbows
  1329 | D:2      | Reached XP level 4. HP: 38/38 MP: 5/5
  1330 | D:2      | Noticed Sigmund
  1335 | D:2      | Killed Sigmund
  1336 | D:2      | Reached skill level 5 in Crossbows
  1336 | D:2      | Reached XP level 5. HP: 44/44 MP: 6/6
  1336 | D:2      | Reached XP level 6. HP: 51/51 MP: 7/7
  1353 | D:2      | Learned a level 3 spell: Inner Flame
  1929 | D:2      | Found a runed translucent door.
  1930 | D:2      | Noticed Crazy Yiuf
  1965 | D:3      | Found a faded altar of an unknown god.
  2394 | D:3      | Learned a level 3 spell: Frozen Ramparts
  2972 | D:4      | Identified the +5 spear of Theory {vorpal, *Rage *Noise rC+
                  | Int+8}
  2990 | D:4      | Found Bisisaf's Antique Weapon Emporium.
  3011 | D:4      | Reached skill level 1 in Polearms
  3315 | D:4      | Reached XP level 7. HP: 57/57 MP: 8/8
  3395 | D:5      | Entered Level 5 of the Dungeon
  3506 | D:5      | Noticed Blork the orc
  3516 | D:5      | Killed Blork the orc
  3610 | D:5      | Reached skill level 5 in Ice Magic
  3610 | D:5      | Reached XP level 8. HP: 62/64 MP: 9/9
  3715 | D:5      | Noticed Ijyb
  3726 | D:5      | Killed Ijyb
  3739 | D:5      | Found a glowing silver altar of Zin.
  4102 | D:5      | Found a staircase to the Ecumenical Temple.
  4186 | Temple   | Entered the Ecumenical Temple
  4229 | Temple   | Became a worshipper of Fedhas Madash
  4318 | D:6      | Learned a level 2 spell: Blink
  4353 | D:6      | Reached skill level 1 in Translocations
  4709 | D:6      | Reached * piety under Fedhas
  4710 | D:6      | Reached XP level 9. HP: 69/70 MP: 15/15
  5001 | D:7      | Reached skill level 6 in Crossbows
  5148 | D:7      | Identified the +5 dagger of Hufee {drain, rElec Int+3}
  5166 | D:7      | Reached skill level 7 in Crossbows
  5596 | D:7      | Noticed a six-headed hydra
  5604 | D:7      | Killed a six-headed hydra
  5605 | D:7      | Reached skill level 9 in Crossbows
  5684 | D:7      | Noticed Harold
  6102 | D:8      | Reached XP level 10. HP: 70/78 MP: 12/16
  6232 | D:8      | Reached ** piety under Fedhas
  6236 | D:8      | Reached skill level 10 in Crossbows
  6270 | D:8      | Found a staircase to the Lair.
  6450 | D:8      | Reached skill level 1 in Invocations
  6669 | D:9      | Noticed a two-headed ogre
  6669 | D:9      | Noticed a deep troll
  6670 | D:9      | Found a transporter.
  6670 | D:9      | Noticed MatrixGlitch's ghost (journeyman DECj)
  6879 | D:9      | Reached skill level 5 in Invocations
  6960 | D:9      | Reached *** piety under Fedhas
  7244 | D:9      | Found a transporter.
  7454 | D:10     | Entered Level 10 of the Dungeon
  7504 | D:10     | Found a transporter.
  7504 | D:10     | Found a transporter.
  7560 | D:10     | Found a transporter.
  7560 | D:10     | Found a transporter.
  7562 | D:10     | Found a transporter.
  7562 | D:10     | Found a transporter.
  7582 | D:10     | Found Soladoy's Armour Shoppe.
  7635 | D:10     | Reached skill level 5 in Fighting
  7723 | D:10     | Noticed Grum
  7735 | D:10     | Killed Grum
  7736 | D:10     | Reached XP level 11. HP: 78/99 MP: 11/17
  8069 | D:10     | Found a shadowy altar of Dithmenos.
  8155 | D:10     | Noticed a two-headed ogre
  8161 | D:10     | Killed a two-headed ogre
  8634 | D:11     | Noticed a five-headed hydra
  8673 | D:11     | Noticed a two-headed ogre
  8679 | D:11     | Killed a two-headed ogre
  8680 | D:11     | Reached skill level 5 in Polearms
  8711 | D:11     | Killed a five-headed hydra
  8740 | D:11     | Found a frozen archway.
  8746 | IceCv    | Entered an ice cave
  8880 | IceCv    | Reached skill level 1 in Armour
  9502 | IceCv    | Noticed a white draconian
  9510 | IceCv    | Reached **** piety under Fedhas
  9516 | IceCv    | Killed a white draconian
  9638 | IceCv    | Identified the amulet "Iptol" {Reflect rPois Str+4 SH+5}
  9746 | D:11     | Noticed Josephine
  9750 | D:11     | Reached skill level 5 in Armour
  9758 | D:11     | Noticed a purple ugly thing
  9761 | D:11     | Killed Josephine
  9762 | D:11     | Reached XP level 12. HP: 109/109 MP: 18/18
  9824 | D:11     | Found Vorer's Assorted Antiques.
  9855 | D:11     | Bought a runed arbalest for 165 gold pieces
  9855 | D:11     | Bought a crude ring mail for 198 gold pieces
  9855 | D:11     | Identified the +1 ring mail of Disguise {+Inv rPois Dex-4
                  | Stlth+} (You bought it in a shop on level 11 of the
                  | Dungeon)
  9951 | D:11     | Noticed Erolcha
  9952 | D:11     | Noticed Psyche
  9956 | D:11     | Killed Psyche
  9958 | D:11     | Killed Erolcha
 10032 | D:11     | Noticed a seven-headed hydra
 10046 | D:11     | Killed a seven-headed hydra
 10174 | D:11     | Noticed a two-headed ogre
 10180 | D:11     | Killed a two-headed ogre
 10934 | D:12     | Noticed a five-headed hydra
 10941 | D:12     | Killed a five-headed hydra
 10957 | D:12     | Found a portal to a secret trove of treasure.
 10957 | D:12     | Noticed a two-headed ogre
 10978 | D:12     | Killed a two-headed ogre
 11069 | D:12     | Noticed a two-headed ogre
 11080 | D:12     | Killed a two-headed ogre
 11255 | D:12     | Identified the +4 trident of Victory {holy, rC- rN+++ Str+2
                  | Int-5}
 11412 | D:12     | Found a staircase to the Orcish Mines.
 11969 | D:13     | Noticed a tengu warrior
 11986 | D:13     | Killed a tengu warrior
 11987 | D:13     | Gained mutation: You can use your snake-like lower body to
                  | constrict enemies. [Naga growth]
 11987 | D:13     | Reached XP level 13. HP: 49/115 MP: 14/19
 12348 | D:13     | Quit the game

Illustrated notes

Levels and vault maps discovered:
D:1:      roderic_crop_circles_arrival_small, layout_basic
D:2:      layout_loops_cross, minmay_tromino_v4_b, uniq_jessica, uniq_sigmund,
          uniq_crazy_yiuf_cottage, uniq_robin
D:3:      layout_basic, nicolae_ecumenical_pavilion
D:4:      layout_cave_pools, serial_shops, shop, hangedman_decor_opposing,
          lightli_minifort
D:5:      cheibrodos_thug_alley, layout_cave_pools, zin_academy,
          temple_fountains, uniq_ijyb, uniq_blork_the_orc
D:6:      layout_basic
D:7:      layout_loops_cross, amcnicky_mini_pool_small, uniq_harold
D:8:      layout_basic, dpeg_oklobed_lair, item_on_display_a
D:9:      layout_loops_ring, gammafunk_ghost_arena, st_stairs_2,
          minmay_lizard_king
D:10:     layout_basic, nicolae_dithmenos_shadow_blocks, serial_shops,
          shop_fountains, serial_nicolae_subway, nicolae_sub_station_stone,
          nicolae_sub_station_crystal, nicolae_sub_station_metal, uniq_grum
D:11:     minmay_inner_zag, layout_loops_ring, portal_ice_cave_entry_pillars_1,
          serial_shops, shop_fountains, minmay_misc_feat_alley, uniq_josephine,
          uniq_psyche, uniq_erolcha
D:12:     layout_loops_ring, hiddenorc1_lemuel, nicolae_trove_entry_crossroad,
          drop_trap
D:13:     layout_long_grid
Temple:   mainiacjoe_temple_big_plus

Skill      XL: |  1  2  3  4  5  6  7  8  9 10 11 12 13 |
---------------+----------------------------------------+-----
Crossbows      | 2 3 4 5 9 10 | 10.2
Ice Magic      | 2 5 6 |  6.5
Polearms       | 2 3 5 8 |  8.6
Spellcasting   | 4 |  4.0
Translocations | 3 |  3.0
Invocations    | 5 |  5.5
Fighting       | 6 7 |  7.0
Dodging        | 3 |  3.7
Armour         | 5 8 9 |  9.0
Hexes          | |  3.0

Action                   |  1- 3 |  4- 6 |  7- 9 | 10-12 | 13-15 || total
-------------------------+-------+-------+-------+-------+-------++-------
Melee: Club              |       |    23 |       |       |       ||    23
       Spear             |       |       |       |   432 |       ||   432
       Hand crossbow     |       |       |       |     2 |       ||     2
       Trident           |       |       |       |    13 |    23 ||    36
       Constrict         |       |       |       |       |     4 ||     4
 Fire: Hand crossbow     |    58 |    62 |   246 |   180 |       ||   546
 Cast: Frozen Ramparts   |       |       |     5 |    36 |     3 ||    44
       Blink             |       |       |     2 |     7 |       ||     9
       Inner Flame       |       |       |       |     6 |       ||     6
       Slow              |       |       |       |     3 |       ||     3
Invok: Wall of Briars    |       |       |       |     4 |       ||     4
       Grow Ballistomyce |       |       |       |     2 |       ||     2
       Overgrow          |       |       |       |     1 |       ||     1
 Abil: Spit Poison       |    17 |    14 |    28 |    20 |     1 ||    80
Evoke: Wand              |       |       |     1 |     1 |       ||     2
       Phial of floods   |       |       |       |     1 |       ||     1
  Use: Scroll            |       |       |    12 |     8 |       ||    20
       Potion            |       |       |       |     4 |       ||     4
Armor: Robe              |     9 |    21 |    56 |   320 |    26 ||   432
Dodge: Dodged            |     8 |    31 |    50 |   175 |    12 ||   276

Table legend: (Time is in decaauts)
 A = Elapsed time spent in this place.
 B = Non-inter-level travel time spent in this place.
 C = Inter-level travel time spent in this place.
 D = Time resting spent in this place.
 E = Time spent auto-exploring this place.
 F = Levels seen in this place.
 G = Mean time per level.
                   A        B        C        D        E       F      G
               +--------+--------+--------+--------+--------+-----+--------+
         Total |  16189 |  15360 |    829 |   1401 |  11065 |  15 | 1079.3 |
       Dungeon |  14918 |  14131 |    787 |    944 |  10750 |  13 | 1147.5 |
        Temple |    101 |     59 |     42 |      0 |     48 |   1 |  101.0 |
      Ice Cave |   1169 |   1169 |      0 |    457 |    267 |   1 | 1169.0 |
               +--------+--------+--------+--------+--------+-----+--------+

Top non-repeatable levels by time:
    D:11: 1685 daAuts
    D:10: 1605 daAuts
     D:1: 1532 daAuts
    D:12: 1350 daAuts
     D:3: 1176 daAuts
   IceCv: 1169 daAuts
     D:2: 1142 daAuts
     D:7: 1118 daAuts
     D:8: 1096 daAuts
     D:5: 1072 daAuts
     D:9: 1018 daAuts
     D:6: 920 daAuts
     D:4: 737 daAuts
    D:13: 462 daAuts
  Temple: 101 daAuts
